 Dungeon Crawl Stone Soup version 0.31-a0-618-g7ca08c1ff9 (webtiles) character file.

Game seed: 10324619195169307404

1511541 Domino the Conqueror (level 27, 218/218 HPs)
             Began as a Minotaur Berserker on Aug 21, 2023.
             Was a High Priest of Trog.
             Escaped with the Orb
             ... and 3 runes on Aug 22, 2023!
             The game lasted 03:38:40 (89786 turns).

Domino the Conqueror (Minotaur Berserker)          Turns: 89786, Time: 03:38:40

Health: 218/218    AC: 44    Str: 38    XL:     27
Magic:  19/19      EV: 13    Int:  8    God:    Trog [*****.]
Gold:   6746       SH: 19    Dex:  9    Spells: 26/26 levels left

rFire   + + +        a - +9 broad axe (spect)
rCold   + + +        X - +2 shield of Resistance {rF++ rC++ Will++}
rNeg    . . .        E - +9 gold dragon scales
rPois   +            z - +1 hat
rElec   .            D - +1 cloak
rCorr   +            N - +2 pair of gloves {Str+3}
SInv    .            F - +2 pair of boots
Will    ++++.        e - amulet of regeneration Stlth
                     d - ring of resist corrosion
HPRegen 1.36/turn    m - ring of Symmetry {rF+ Int+6}
MPRegen 0.16/turn

%: no passive effects
@: studying Invocations
A: horns 2, retaliatory headbutt, dopey 1, frail 2, low MP 1, poison resistance,
screaming 1, weak 1, subdued magic 1, inability to drink after injury 1
0: Orb of Zot
}: 3/15 runes: decaying, silver, gossamer
a: Renounce Religion, Berserk, Trog's Hand, Brothers in Arms


You escaped.
You worshipped Trog.
Trog was extremely pleased with you.
You visited 8 branches of the dungeon, and saw 44 of its levels.
You visited the Abyss 2 times.
You also visited: Trove, Sewer, Ice Cave and Wizlab.

You collected 7981 gold pieces.
You spent 1235 gold pieces at shops.

Inventory:

Hand Weapons
 a - a +9 spectral broad axe (weapon)
   (You found it on level 7 of the Dungeon)
 b - a +8 antimagic broad axe
   (Trog gifted it to you on level 2 of the Vaults)
 v - a +6 heavy broad axe
   (Trog gifted it to you on level 5 of the Vaults)
Missiles
 q - 34 javelins
 u - 11 atropa-tipped darts
 y - a curare-tipped dart
 C - 8 throwing nets
 J - 44 boomerangs (quivered)
Armour
 z - a +1 hat (worn)
   (You found it on level 5 of the Vaults)
 D - a +1 cloak (worn)
   (You found it on level 7 of the Dungeon)
 E - +9 gold dragon scales (worn)
   (You found it in an ice cave)
 F - a +2 pair of boots (worn)
   (You found it on level 7 of the Dungeon)
 N - a +2 pair of gloves of strength (worn)
   (You found it on level 14 of the Dungeon)
 X - the +2 shield of Resistance (worn) {rF++ rC++ Will++}
   (You found it on level 5 of the Vaults)

   rF++:      It greatly protects you from fire.
   rC++:      It greatly protects you from cold.
   Will++:    It greatly increases your willpower.
Jewellery
 d - a ring of resist corrosion (left hand)
   (You found it on level 1 of the Dungeon)
 e - an amulet of regeneration (around neck)
   (You found it on level 3 of the Dungeon)
 i - the amulet "Idghun" {Reflect rPois rN+ Dex+4 SH+5}
   (You acquired it on level 2 of the Orcish Mines)

   [amulet of reflection]

   Reflect:   It reflects blocked missile attacks.
   Dex+4:     It affects your dexterity (+4).
   rPois:     It protects you from poison rN+: It protects you from negative
   energy.
   SH+5:      It affects your SH (+5).
 m - the ring of Symmetry (right hand) {rF+ Int+6}
   (You found it on level 13 of the Dungeon)

   [ring of intelligence]

   Int+6:     It affects your intelligence (+6).
   rF+:       It protects you from fire.
 o - a ring of protection from fire
   (You found it on level 14 of the Dungeon)
 p - the ring of Dena {rF- Int+7 SInv}
   (You found it in a treasure trove)

   [ring of see invisible]

   Int+7:     It affects your intelligence (+7).
   rF-:       It makes you vulnerable to fire.
   SInv:      It lets you see invisible.
 t - a ring of positive energy
   (You found it on level 4 of the Dungeon)
 G - a +6 ring of intelligence
   (You found it on level 7 of the Dungeon)
 O - a ring of magical power
   (You took it off a tengu reaver on level 3 of the Depths)
Wands
 k - a wand of iceblast (40)
   (You found it on level 3 of the Dungeon)
 r - a wand of polymorph (19)
   (You took it off an orc priest on level 10 of the Dungeon)
 w - a wand of flame (68)
   (You found it on level 5 of the Dungeon)
 L - a wand of light (42)
   (You found it on level 14 of the Dungeon)
 M - a wand of charming (46)
   (You found it on level 9 of the Dungeon)
 R - a wand of mindburst (38)
   (You found it on level 1 of the Lair of Beasts)
Scrolls
 g - 17 scrolls of teleportation
 h - 3 scrolls of revelation
 j - 2 scrolls of blinking
 n - 6 scrolls of poison
 s - 10 scrolls of immolation
 x - 2 scrolls of fog
 Q - 5 scrolls of silence
 U - 8 scrolls of fear
 W - 4 scrolls of butterflies
Potions
 c - 2 potions of resistance
 f - 5 potions of enlightenment
 l - a potion of cancellation
 A - 2 potions of mutation
 B - 6 potions of haste
 H - 20 potions of curing
 K - 8 potions of invisibility
 P - 2 potions of might
 S - a potion of heal wounds
 V - 6 potions of attraction
Miscellaneous
 I - a phantom mirror
   (You found it on level 5 of the Vaults)
 T - a tin of tremorstones (2/2)
   (You found it on level 5 of the Vaults)
 Y - a lightning rod (4/4)
   (You found it on level 5 of the Vaults)
 Z - a phial of floods
   (You found it on level 3 of the Swamp)


   Skills:
 O Level 27 Fighting
 - Level 18.5 Axes
 + Level 17.5 Throwing
 + Level 20.6 Armour
 + Level 18.8 Dodging
 O Level 27 Shields
 + Level 15.8 Evocations


You had 26 spell levels left.
You didn't know any spells.
Your spell library was empty.

Dungeon Overview and Level Annotations

Branches:
Dungeon (15/15)            Temple (0/1) D:5            Lair (5/5) D:11
  Swamp (4/4) Lair:3       Spider (4/4) Lair:3        Slime (0/5) Lair:5
    Orc (2/2) D:11            Elf (0/3) Orc:2        Vaults (5/5) D:14
  Crypt (0/3) Vaults:3     Depths (4/4) D:15            Zot (5/5) Depths:4
  Sewer (visited)           IceCv (visited)          WizLab (visited)

Altars:
Cheibriados
Dithmenos
Elyvilon
Fedhas
Kikubaaqudgha
Okawaru
Qazlal
Sif Muna
Trog
Uskayaw
Wu Jian
Xom
Zin
The Shining One

Shops:
D:12 =   Orc:2 ([*(?   Vaults:1 (   Depths:2 (*(

Portals:
Hell: Depths:1 Depths:2 Depths:3 Depths:4
Abyss: Depths:1 Depths:3 Depths:4
Pandemonium: Depths:1 Depths:2 Depths:4
Ziggurat: Depths:2

Annotations:
Lair:4 2 transporters


Innate Abilities, Weirdness & Mutations

You have a pair of horns on your head.
You reflexively headbutt those who attack you in melee.
You are dopey. (Int -2)
You are very frail. (-20% HP)
Your magical capacity is low. (-10% MP)
Your system is resistant to poisons. (rPois)
You occasionally shout uncontrollably at your foes.
You are weak. (Str -2)
Your spells are a little easier to cast, but a little less powerful.
You occasionally lose the ability to drink potions when taking damage.


Message History

The sphere of damnation explodes!
The damnation engulfs you!!
There is a stone staircase leading up here.
You climb upwards.
There is a stone staircase leading down here.
Unknown command.
You climb downwards.
There is a stone staircase leading up here.
The hellion gestures at you.
The sphere of damnation explodes!
The damnation engulfs you!
There is a stone staircase leading up here.
You climb upwards.
There is a stone staircase leading down here.
Unknown command.
You climb downwards.
There is a stone staircase leading up here.
You open the hellion like a pillowcase!!!
You kill the hellion!
Trog accepts your kill.
There is a stone staircase leading up here.
You climb upwards.
There is a stone staircase leading down here.
A great orb of eyes comes into view.
The great orb of eyes turns its gaze towards you.
There is a stone staircase leading up here.
You climb upwards.
There is a stone staircase leading down here.
There is a stone staircase leading up here.
You climb upwards.
There is a stone staircase leading down here.
There is a stone staircase leading up here.
You climb upwards.
There is a stone staircase leading down here.
There is an open door here.
There is a stone staircase leading up here.
You climb upwards.
There is a stone staircase leading down here.
You open the door.
There is an open door here.
There is a staircase leading out of the dungeon here.
You have escaped!

#...............#..##...##.
#.#......................#.
#.#.###.#####.............. #.#.#
##.###.#............. #.#.##
##.#.###....##.#..#. #.#..##
##.## ##...##.#..#.
#.#.#.###.#.###.#..##.#..#.
#.#.##.#.#.#.#.##..##.#..).
#.#.###.#.@.#.###..........
#######.####.#.#.#.#.##..##.#.##.
#....##.###.###.#.###.#..........
#.##.####..## ##.## ##...........
#.##.####.#####.#.####...##.####.
#............#.###.#.............
####.#######..## ##.........##.#.
#........#.#######.............
#........'.........##..........


There were no monsters in sight!

Vanquished Creatures
  7 orbs of fire
  4 dread liches
  Mennas (Vaults:3)
  Sojobo (Depths:3)
  Saint Roka (Vaults:5)
  4 Killer Klowns
  Frederick (Vaults:2)
  Bai Suzhen (Vaults:2)
  A Head Instructor (WizLab)
  Parghit (Depths:3)
  Margery (Vaults:2)
  the Lernaean hydra (Swamp:4)
  4 curse toes
  3 caustic shrikes (Depths:4)
  12 golden dragons
  A pandemonium lord (Zot:5)
  A Brimstone Fiend (Zot:4)
  4 electric golems
  A walking crystal tome (Depths:4)
  17 tentacled monstrosities
  24 Orb Guardians
  An Ice Fiend (D:14)
  2 deep elf blademasters
  A deep elf master archer (Depths:3)
  4 liches
  8 quicksilver dragons
  4 acid blobs (Zot:3)
  4 sphinxes
  5 titans
  5 tentacled starspawn (Abyss:2)
  16 death cobs
  Kirke (Swamp:1)
  13 tengu reavers
  8 shadow dragons
  Roxanne (Swamp:4)
  Donald (Spider:2)
  11 draconian monks
  Aizul (Spider:2)
  2 fenstrider witches
  The ghost of Ofeolo the Thrower, an adept VSHs of Trog (Spider:2)
  13 storm dragons
  A storm dragon (shapeshifter) (Depths:3)
  A fire giant (shapeshifter) (Vaults:5)
  9 draconian knights
  12 fire giants
  12 iron dragons
  A deep elf sorcerer (Vaults:4)
  9 frost giants
  The ghost of Fidariph the Warrior, a journeyman DjCj of Gozag (Orc:2)
  16 vault wardens
  7 emperor scorpions
  12 ghost moths
  2 balrugs
  Louise (Swamp:3)
  A ghoul (Vaults:3)
  3 draconian scorchers (Zot:4)
  A deep elf elementalist (Depths:3)
  2 broodmothers (Spider:4)
  4 draconian shifters
  A cacodemon (Zot:5)
  6 war gargoyles
  29 ironbound preservers
  9 draconian stormcallers
  6 orc warlords
  11 very ugly things
  A demonspawn blood saint (D:10)
  13 stone giants
  A draconian annihilator (Depths:4)
  6 ironbound thunderhulks
  3 deep elf demonologists (Vaults:5)
  12 purple draconians
  5 black draconians
  4 vampire knights
  11 white draconians
  6 dire elephants
  9 green draconians
  14 red draconians
  7 eleionomae
  4 bunyips
  A spark wasp (shapeshifter) (Vaults:5)
  4 lorocyprocas
  11 spark wasps
  19 yellow draconians
  Snorg (D:13)
  A deep elf death mage (Vaults:5)
  2 blizzard demons (Zot:5)
  6 ettins
  6 fire dragons
  6 entropy weavers
  An entropy weaver (shapeshifter) (Depths:3)
  4 deep elf high priests
  3 crystal guardians
  11 yaktaur captains
  A great orb of eyes (shapeshifter) (Depths:3)
  13 ice dragons
  5 great orbs of eyes
  32 vault guards
  2 peacekeepers
  2 ghost crabs (Swamp:2)
  5 rakshasas
  20 hydras
  8 ironbound frosthearts
  3 radroaches
  5 spriggan air magi
  2 jorogumos
  3 death knights
  A catoblepas (shapeshifter) (Depths:3)
  2 alligators (Swamp:4)
  26 centaur warriors
  5 ogre magi
  A catoblepas (Lair:3)
  15 two-headed ogres
  5 boulder beetles
  3 deep troll earth magi
  The ghost of bmj180 the Conjurer, a novice DrCj (D:8)
  3 tengu warriors
  3 vampire magi
  Urug (D:14)
  12 death yaks
  2 dancing weapons (Depths:3)
  4 spectral emperor scorpions (Spider:2)
  17 demonic crawlers
  A deep troll shaman (Depths:2)
  7 hell knights
  Nergalle (D:10)
  2 deep elf knights (WizLab)
  A wretched star (Abyss:2)
  6 sun demons
  3 skeletal warriors (D:12)
  2 skysharks
  2 spriggan berserkers
  A spectral ghost moth (Spider:2)
  2 sun moths (Spider:4)
  2 shadow wraiths
  A sixfirhy (Zot:5)
  A spatial maelstrom (Abyss:2)
  3 salamander mystics (WizLab)
  5 pharaoh ants
  5 goliath frogs
  A deep troll (shapeshifter) (Vaults:4)
  4 deep elf archers (Depths:2)
  A death drake (Swamp:3)
  A quicksilver dragon simulacrum (Depths:3)
  A sea snake (shapeshifter) (Depths:3)
  4 glowing orange brains
  A flayed ghost (Depths:4)
  15 bog bodies
  23 ironbound convokers
  A shadow demon (Zot:5)
  11 steelbarb worms
  77 deep trolls
  11 orb spiders
  An orange crystal statue (IceCv)
  9 wizards
  An orb spider (shapeshifter) (D:13)
  2 spectral wolf spiders (Spider:2)
  2 lindwurms (Vaults:4)
  A lindwurm (shapeshifter) (Vaults:5)
  3 spectral hydras (Swamp:3)
  The ghost of makewrite the Shooter, a novice MiGl of Gozag (D:6)
  12 swamp dragons
  8 necromancers
  5 phantasmal warriors
  A steelbarb worm (shapeshifter) (Depths:3)
  An alligator zombie (Swamp:3)
  5 deep elf pyromancers
  2 harpies
  A deep elf zephyrmancer (D:13)
  5 goliath frog zombies (Swamp:3)
  21 wolf spiders
  13 orc knights
  3 mana vipers (WizLab)
  2 orc sorcerers
  3 will-o-the-wisps
  37 ugly things
  A salamander (D:15)
  2 manticores (D:15)
  A tengu skeleton (Depths:1)
  A fire giant zombie (Depths:1)
  3 worldbinders (Abyss:2)
  An iron dragon skeleton (Depths:1)
  8 black mambas
  A frost giant skeleton (Depths:1)
  5 oklob plants
  A fire giant skeleton (Depths:1)
  22 moths of wrath
  6 cyclopes
  A guardian serpent (Lair:5)
  A gargoyle (D:13)
  15 vault sentinels
  16 cane toads
  2 ice statues (Spider:4)
  3 smoke demons
  6 storm dragon simulacra (IceCv)
  A naga mage (WizLab)
  6 torpor snails
  6 orange demons
  4 rime drakes
  2 kobold demonologists (D:11)
  A hellion (D:6)
  3 unseen horrors (Depths:1)
  2 efreet
  6 freezing wraiths
  A ghost moth simulacrum (Spider:2)
  8 swamp worm zombies (Swamp:3)
  An unseen horror zombie (D:8)
  10 komodo dragons
  3 ancient zymes (Abyss:2)
  35 yaktaurs
  7 golden dragon simulacra (IceCv)
  3 tengu conjurers
  4 red devils (D:12)
  12 trolls
  7 polar bears
  A bloated husk (Swamp:1)
  An ice devil (Zot:5)
  3 meliai
  A wolf spider simulacrum (Spider:2)
  11 hornets
  A merfolk (D:15)
  6 tyrant leeches
  3 spectral swamp dragons (Swamp:3)
  22 tarantellas
  4 hellwings
  An ettin zombie (Abyss:2)
  4 dream sheep (Lair:5)
  21 blink frogs
  2 dream sheep (shapeshifter)
  A culicivora (shapeshifter) (Depths:3)
  30 culicivoras
  28 slime creatures
  6 spriggans
  6 large abominations
  12 small abominations
  31 jumping spiders
  3 shadows
  3 ynoxinuls
  7 wraiths
  60 yaks
  7 water elementals
  A centaur simulacrum (D:15)
  17 wyverns
  16 humans
  2 basilisks
  A neqoxec (Zot:5)
  Eustachio (D:5)
  3 hogs (Swamp:1)
  A spriggan simulacrum (Depths:1)
  A golden eye (Abyss:2)
  63 redbacks
  2 chaos spawn
  8 steam dragons
  2 vampire mosquitoes (Swamp:1)
  A spectral entropy weaver (Spider:2)
  5 wargs
  A spatial vortex (Abyss:2)
  14 swamp worms
  A tengu zombie (Depths:1)
  3 acid dragons
  17 water moccasins
  14 swamp drakes
  A meliai simulacrum (D:13)
  17 orc warriors
  2 ice beasts (D:7)
  2 sky beasts
  4 black bears
  4 ice dragon simulacra (IceCv)
  22 ogres
  21 wolves
  5 centaurs
  15 starcursed masses (Abyss:2)
  3 kobold brigands
  12 bullfrogs
  2 gnoll sergeants
  2 scorpions
  2 spriggan zombies
  8 wights
  4 troll zombies (Swamp:3)
  15 killer bees
  A killer bee (shapeshifter) (Vaults:5)
  4 lindwurm simulacra (IceCv)
  3 electric eels
  6 howler monkeys
  A spectral centaur (D:8)
  2 quasits (Abyss:2)
  11 orc priests
  5 hounds
  31 jellies
  3 gnoll boudas
  9 orc wizards
  A sleepcap (D:7)
  11 iguanas
  4 hell rats
  A howler monkey skeleton (D:8)
  17 gnolls
  8 adders
  19 river rats
  2 shadow imps
  A white imp (D:8)
  An ufetubus (D:5)
  2 worms
  5 dart slugs
  51 orcs
  8 endoplasms
  2 giant cockroaches
  6 goblins
  A hobgoblin (shapeshifter) (Vaults:5)
  5 hobgoblins
  3 jackals (D:3)
  7 quokkas
  5 ball pythons
  7 bats
  5 frilled lizards
  21 kobolds
  28 rats
  2 starspawn tentacles (Abyss:2)
2166 creatures vanquished.

Vanquished Creatures (others)
  A tengu reaver (Depths:3)
  A bunyip (Swamp:1)
  A hellion (D:10)
  A bloated husk (Swamp:2)
  A swamp drake (Swamp:3)
  An iguana (Lair:5)
  6 foxfires
  83 spectral weapons
  10 starspawn tentacles (Abyss:2)
105 creatures vanquished.

Grand Total: 2271 creatures vanquished

Notes
Turn   | Place    | Note
-------+----------+-------------------------------------------
     0 | D:1      | Domino the Minotaur Berserker began the quest for the Orb.
     0 | D:1      | Reached XP level 1. HP: 19/19 MP: 0/0
   606 | D:1      | Reached XP level 2. HP: 26/27 MP: 1/1
  1590 | D:2      | Reached skill level 1 in Shields
  1785 | D:2      | Reached XP level 3. HP: 25/33 MP: 2/2
  2199 | D:2      | Reached ** piety under Trog
  2347 | D:2      | Found a glowing golden altar of the Shining One.
  2748 | D:3      | Reached XP level 4. HP: 40/40 MP: 3/3
  2781 | D:3      | Found a white marble altar of Elyvilon.
  3510 | D:4      | Reached skill level 1 in Throwing
  3510 | D:4      | Reached skill level 1 in Evocations
  3990 | D:4      | Found a glowing silver altar of Zin.
  4085 | D:4      | Found an ancient bone altar of Kikubaaqudgha.
  4092 | D:4      | You fall into a shaft and drop 2 floors!
  4162 | D:6      | Reached XP level 5. HP: 45/47 MP: 4/4
  4225 | D:6      | Found a runed translucent door.
  4225 | D:6      | Noticed makewrite's ghost (novice MiGl)
  4466 | D:6      | Found a glowing drain.
  4490 | Sewer    | Entered a sewer
  4554 | Sewer    | Reached *** piety under Trog
  4582 | Sewer    | Reached XP level 6. HP: 45/55 MP: 5/5
  4673 | D:6      | Reached skill level 5 in Fighting
  4690 | D:6      | Noticed a sky beast
  4713 | D:6      | Killed a sky beast
  4714 | D:6      | Reached skill level 5 in Axes
  4876 | D:6      | Reached XP level 7. HP: 61/61 MP: 6/6
  5086 | D:6      | Killed makewrite's ghost
  5259 | D:5      | Entered Level 5 of the Dungeon
  5263 | D:5      | Reached XP level 8. HP: 60/70 MP: 7/7
  5497 | D:5      | Noticed Eustachio
  5511 | D:5      | Killed Eustachio
  5512 | D:5      | Reached skill level 5 in Shields
  5602 | D:5      | Found a shimmering blue altar of Sif Muna.
  6972 | D:5      | Found a staircase to the Ecumenical Temple.
  7644 | D:7      | Reached skill level 5 in Armour
  7773 | D:7      | Reached XP level 9. HP: 79/79 MP: 8/8
  7777 | D:7      | Identified the +9 battleaxe of Cheibriados's Regard {venom,
                  | rElec rC+ Dex+5}
  8173 | D:7      | Reached **** piety under Trog
  8694 | D:7      | Reached skill level 5 in Dodging
  8808 | D:7      | Found an iron altar of Okawaru.
  8808 | D:7      | Found a faded altar of an unknown god.
  8815 | D:7      | Found a faded altar of an unknown god.
  8818 | D:7      | Found a snail-covered altar of Cheibriados.
  8820 | D:7      | Found a shadowy altar of Dithmenos.
  9326 | D:8      | Reached ***** piety under Trog
  9474 | D:8      | Found a runed translucent gate.
  9474 | D:8      | Found a runed translucent gate.
  9474 | D:8      | Found a runed translucent gate.
  9474 | D:8      | Noticed bmj180's ghost (novice DrCj)
  9478 | D:8      | Found a shimmering altar of Xom.
  9801 | D:8      | Reached XP level 10. HP: 76/90 MP: 9/9
  9803 | D:8      | Killed bmj180's ghost
 10084 | D:9      | Received a gift from Trog
 10400 | D:9      | Identified the +3 buckler of Mairu {rF+ rC+ Str+3}
 10908 | D:9      | Noticed a two-headed ogre
 10915 | D:9      | Killed a two-headed ogre
 11198 | D:9      | Reached skill level 5 in Throwing
 11273 | D:10     | Entered Level 10 of the Dungeon
 11273 | D:10     | Noticed Nergalle
 11532 | D:10     | Killed Nergalle
 11863 | D:10     | Reached XP level 11. HP: 98/99 MP: 10/10
 11882 | D:10     | Reached skill level 10 in Fighting
 11910 | D:10     | Reached skill level 10 in Axes
 11992 | D:10     | Found a stormy altar of Qazlal.
 12180 | D:10     | Identified the +5 falchion "Seont" {drain, *Corrode Fly
                  | Int+2}
 12284 | D:11     | Noticed a death yak
 12286 | D:11     | Noticed a death yak
 12287 | D:11     | Noticed a death yak
 12303 | D:10     | Killed a death yak
 12449 | D:10     | Killed a death yak
 12451 | D:10     | Killed a death yak
 12452 | D:10     | Reached skill level 5 in Evocations
 12895 | D:11     | Noticed a two-headed ogre
 12900 | D:11     | Killed a two-headed ogre
 12976 | D:11     | Found a staircase to the Lair.
 13024 | D:11     | Found a staircase to the Orcish Mines.
 13098 | D:11     | Reached skill level 10 in Shields
 13272 | D:11     | Noticed a two-headed ogre
 13277 | D:11     | Killed a two-headed ogre
 13596 | D:11     | Noticed a two-headed ogre
 13601 | D:11     | Killed a two-headed ogre
 14047 | Lair:1   | Entered Level 1 of the Lair of Beasts
 14136 | Lair:1   | Noticed an eight-headed hydra
 14145 | Lair:1   | Killed a five-headed hydra
 14151 | Lair:1   | Reached XP level 12. HP: 78/110 MP: 11/11
 15657 | Lair:2   | Received a gift from Trog
 16497 | Lair:3   | Noticed a catoblepas
 16505 | Lair:3   | Killed a catoblepas
 16580 | Lair:3   | Reached XP level 13. HP: 107/119 MP: 12/12
 16821 | Lair:3   | Found a hole to the Spider Nest.
 17175 | Lair:3   | Found a staircase to the Swamp.
 18987 | Lair:4   | Found a transporter.
 19283 | Lair:4   | Found a transporter.
 19905 | Lair:5   | Entered Level 5 of the Lair of Beasts
 20204 | Lair:5   | Received a gift from Trog
 20497 | Lair:5   | Reached XP level 14. HP: 130/130 MP: 13/13
 20524 | Lair:5   | Reached skill level 10 in Armour
 21930 | Lair:5   | Found a staircase to the Slime Pits.
 22666 | Orc:1    | Entered Level 1 of the Orcish Mines
 23023 | Orc:1    | Noticed an orc warlord
 23057 | Orc:1    | Killed an orc warlord
 23058 | Orc:1    | Received a gift from Trog
 23186 | Orc:2    | Entered Level 2 of the Orcish Mines
 23197 | Orc:2    | Found a staircase to the Elven Halls.
 23261 | Orc:1    | You fall into a shaft and drop 1 floor!
 23261 | Orc:2    | Noticed an orc warlord
 23270 | Orc:2    | Killed an orc warlord
 23716 | Orc:2    | Found Guvae's Weapon Shoppe.
 23721 | Orc:2    | Found Giaryid's Assorted Antiques.
 23737 | Orc:2    | Identified the +2 quarterstaff "Glorpo" {antimagic, rC+
                  | rCorr} (Trog gifted it to you on level 2 of the Orcish
                  | Mines)
 23737 | Orc:2    | Received a gift from Trog
 23738 | Orc:2    | Found Bolief's Weapon Boutique.
 23740 | Orc:2    | Paralysed by something for 3 turns
 23756 | Orc:2    | Reached XP level 15. HP: 137/139 MP: 14/14
 23760 | Orc:2    | Reached skill level 15 in Fighting
 23803 | Orc:2    | Found Somotsev's Armour Emporium.
 23823 | Orc:2    | Reached skill level 15 in Axes
 23883 | Orc:2    | Found Enkuilef's Magic Scroll Shop.
 23888 | Orc:2    | Found a runed translucent door.
 23890 | Orc:2    | Noticed Fidariph's ghost (journeyman DjCj)
 23892 | Orc:2    | Bought a scroll of identify for 30 gold pieces
 23892 | Orc:2    | Bought a scroll of identify for 30 gold pieces
 23892 | Orc:2    | Bought a scroll of teleportation for 45 gold pieces
 23952 | Orc:2    | Bought a scroll of identify for 58 gold pieces
 23952 | Orc:2    | Identified a scroll of acquirement
 23953 | Orc:2    | Acquired the amulet "Idghun" {Reflect rPois rN+ Dex+4 SH+5}
 24255 | Orc:2    | Paralysed by an orc sorcerer for 3 turns
 24434 | Orc:2    | Killed Fidariph's ghost
 24501 | Orc:2    | Bought 3 scrolls of immolation for 348 gold pieces
 24501 | Orc:2    | Bought a potion of attraction for 87 gold pieces
 24501 | Orc:2    | Bought a scroll of teleportation for 87 gold pieces
 24501 | Orc:2    | Bought a scroll of fear for 116 gold pieces
 24516 | Orc:2    | Bought a scroll of silence for 142 gold pieces
 24516 | Orc:2    | Bought a scroll of fog for 60 gold pieces
 24516 | Orc:2    | Bought a scroll of immolation for 60 gold pieces
 24516 | Orc:2    | Bought a scroll of poison for 60 gold pieces
 24516 | Orc:2    | Bought a scroll of blinking for 112 gold pieces
 24833 | D:12     | Reached skill level 10 in Dodging
 25782 | D:12     | Found Bylu's Jewellery Shoppe.
 26279 | D:13     | Identified the ring of Symmetry {rF+ Int+6}
 26299 | D:13     | Identified the amulet "Uddiujorphao" {Acrobat MP+9 Str+2
                  | Dex+2}
 26521 | D:13     | Noticed Snorg
 26538 | D:13     | Killed Snorg
 27158 | D:13     | Reached skill level 15 in Shields
 27634 | D:14     | Noticed Urug
 27634 | D:14     | Found a gate to the Vaults.
 27694 | D:14     | Killed Urug
 28023 | D:14     | Found a bloodstained altar of Trog.
 28779 | D:14     | Found a hide-covered altar of Uskayaw.
 29015 | D:14     | Noticed a fire giant
 29033 | D:14     | Killed a fire giant
 30237 | D:15     | Entered Level 15 of the Dungeon
 30253 | Abyss:2  | Cast into level 2 of the Abyss (a wizard)
 30265 | Abyss:2  | Found a corrupted altar of Lugonu.
 30301 | Abyss:2  | Found an ancient bone altar of Kikubaaqudgha.
 30369 | Abyss:2  | Noticed a tentacled starspawn
 30376 | Abyss:2  | Killed a tentacled starspawn
 30402 | Abyss:2  | Reached XP level 16. HP: 127/151 MP: 15/15
 30563 | Abyss:2  | Received a gift from Trog
 30617 | Abyss:2  | Noticed a tentacled starspawn
 30625 | Abyss:2  | Killed a tentacled starspawn
 30629 | D:15     | Escaped the Abyss
 30701 | D:15     | Found a staircase to the Depths.
 31807 | Spider:1 | Entered Level 1 of the Spider Nest
 32398 | Spider:1 | Reached ****** piety under Trog
 32463 | Spider:1 | Identified the -1 helmet of Misanthropy {-Cast rC+ Will+++
                  | Dex+3}
 32498 | Spider:1 | Received a gift from Trog
 33715 | Spider:2 | Reached skill level 10 in Throwing
 33826 | Spider:3 | Noticed Donald
 34437 | Spider:2 | Received a gift from Trog
 34984 | Spider:2 | Noticed Aizul
 34996 | Spider:2 | Killed Aizul
 35298 | Spider:2 | Found a transporter.
 35301 | Spider:2 | Noticed Ofeolo's ghost (adept VSHs)
 35342 | Spider:2 | Identified the +0 robe "Fes Famp" {rPois Dex+3}
 35519 | Spider:2 | Reached XP level 17. HP: 161/161 MP: 16/16
 35766 | Spider:2 | Found a transporter.
 35795 | Spider:2 | Killed Ofeolo's ghost
 36463 | Spider:2 | Killed Donald
 36976 | Spider:3 | Gained mutation: You occasionally shout uncontrollably at
                  | your foes. [mutagenic glow]
 36982 | Spider:3 | HP: 8/162 [radroach (53)]
 36993 | Spider:2 | Gained mutation: Your body sometimes deteriorates upon
                  | taking damage. [mutagenic glow]
 38140 | Spider:4 | Entered Level 4 of the Spider Nest
 38140 | Spider:4 | Found a frozen archway.
 38159 | IceCv    | Entered an ice cave
 38736 | IceCv    | Noticed a golden dragon
 38759 | IceCv    | Killed a golden dragon
 38763 | IceCv    | Received a gift from Trog
 38805 | IceCv    | Identified the amulet "Batokk" {Faith Slay+2}
 38819 | IceCv    | Identified the amulet of Hoabrism {Acrobat Int+4}
 40996 | Spider:4 | Received a gift from Trog
 41952 | Spider:4 | Paralysed by a jorogumo for 2 turns
 42602 | Spider:3 | Reached skill level 10 in Evocations
 42905 | Spider:4 | Reached XP level 18. HP: 120/172 MP: 17/17
 43812 | Spider:4 | Got a gossamer rune of Zot
 44262 | Spider:4 | Identified the +0 pair of gloves "Uklail" {Str+4}
 44456 | Swamp:1  | Entered Level 1 of the Swamp
 44786 | Swamp:1  | Received a gift from Trog
 45221 | Swamp:1  | Noticed Kirke
 45238 | Swamp:1  | Killed Kirke
 45345 | Swamp:1  | Reached XP level 19. HP: 183/183 MP: 18/18
 45350 | Swamp:1  | Reached XP level 20. HP: 193/193 MP: 19/19
 46187 | Swamp:2  | Found the +8 storm bow {elec, penet}
 46206 | Swamp:2  | You are sucked into a shaft and drop 1 floor!
 46206 | Swamp:3  | Noticed Louise
 46215 | Swamp:3  | Killed Louise
 47059 | Swamp:3  | Received a gift from Trog
 48713 | Swamp:4  | Entered Level 4 of the Swamp
 48734 | Swamp:4  | Noticed Roxanne
 48745 | Swamp:4  | Killed Roxanne
 49147 | Swamp:4  | Noticed the 27-headed Lernaean hydra
 49193 | Swamp:4  | Killed the 23-headed Lernaean hydra
 49912 | Swamp:4  | Got a decaying rune of Zot
 50424 | Vaults:1 | Entered Level 1 of the Vaults
 50474 | Abyss:2  | Cast into level 2 of the Abyss (a wizard)
 50518 | Abyss:2  | Reached XP level 21. HP: 204/204 MP: 20/20
 50692 | Vaults:1 | Escaped the Abyss
 50719 | Vaults:1 | Received a gift from Trog
 51366 | Vaults:1 | Found Romoc's Weapon Emporium.
 52967 | Vaults:2 | Noticed Margery
 52982 | Vaults:2 | Killed Margery
 53241 | Vaults:2 | Noticed Bai Suzhen
 53253 | Vaults:2 | Killed Bai Suzhen
 53786 | Vaults:2 | Noticed Frederick
 53798 | Vaults:2 | Killed Frederick
 54101 | Vaults:2 | Received a gift from Trog
 54265 | Vaults:2 | You are sucked into a shaft and drop 1 floor!
 54564 | Vaults:3 | Reached skill level 15 in Armour
 55152 | Vaults:3 | Reached XP level 22. HP: 174/216 MP: 21/21
 55156 | Vaults:3 | Received a gift from Trog
 55709 | Vaults:3 | Noticed Mennas
 55741 | Vaults:3 | Killed Mennas
 56156 | Vaults:3 | Found the +8 frozen axe "Frostbite" {freeze, freezing
                  | cloud, *Noise Fly rC+}
 56270 | Vaults:3 | Found a staircase to the Crypt.
 57636 | Vaults:4 | Received a gift from Trog
 58542 | Vaults:4 | Identified the +1 leather armour "Bagiywu" {rC++ Str-2}
 58836 | Vaults:4 | Received a gift from Trog
 59523 | Vaults:5 | Entered Level 5 of the Vaults
 59703 | Vaults:5 | Noticed a golden dragon
 59705 | Vaults:5 | Paralysed by a floating eye for 4 turns
 59712 | Vaults:4 | Received a gift from Trog
 59946 | Vaults:5 | Noticed a golden dragon
 60111 | Vaults:5 | Noticed a golden dragon
 60301 | Vaults:5 | Reached XP level 23. HP: 110/227 MP: 22/22
 60307 | Vaults:5 | Noticed a dread lich
 60525 | Vaults:5 | Noticed Saint Roka
 60542 | Vaults:5 | Killed Saint Roka
 60564 | Vaults:5 | Reached skill level 15 in Dodging
 61195 | Vaults:5 | Received a gift from Trog
 61636 | Vaults:5 | Noticed a dread lich
 61653 | Vaults:5 | Killed a dread lich
 62814 | Vaults:5 | Received a gift from Trog
 62912 | Vaults:5 | Identified the +6 long sword of the Kissing Hawk
                  | {antimagic, Dex+2}
 63351 | Vaults:5 | Identified the +7 triple crossbow "Regeneri" {freeze, rC++
                  | Str+3}
 63351 | Vaults:5 | Identified the ring of Wishful Thinking {rC- rN+ MP+9 Str+4
                  | SInv}
 63460 | Vaults:5 | Identified the +0 plate armour of Context {rElec rCorr SInv
                  | Stlth-}
 63745 | Vaults:5 | Identified the +9 plate armour of Leapfrog {rPois rF- rC-
                  | rN++}
 63811 | Vaults:5 | Identified the ring "Gunetris" {rPois rN++}
 63823 | Vaults:5 | Killed a dread lich
 63858 | Vaults:5 | Found the +2 shield of Resistance {rF++ rC++ Will++}
 63953 | Vaults:5 | Got a silver rune of Zot
 64802 | Vaults:5 | Upgraded the game from 0.31-a0-604-g8e0283293c to
                  | 0.31-a0-618-g7ca08c1ff9
 64909 | Depths:1 | Entered Level 1 of the Depths
 65334 | Depths:1 | Found a one-way gate to the infinite horrors of the Abyss.
 65395 | Depths:1 | Received a gift from Trog
 65582 | Depths:1 | Found a one-way gate leading to the halls of Pandemonium.
 65797 | Depths:1 | Found a blossoming altar of Fedhas.
 65812 | Depths:1 | Reached XP level 24. HP: 240/240 MP: 22/22
 66059 | Depths:1 | Found an ornate altar of the Wu Jian Council.
 66894 | Depths:1 | Found a gateway to Hell.
 67011 | Depths:2 | Found a magical portal.
 67083 | WizLab   | Entered Yara's Duelist Academy
 67326 | WizLab   | Noticed Duohaud
 67342 | WizLab   | Killed Duohaud the Head Instructor
 67977 | WizLab   | Received a gift from Trog
 68769 | Depths:2 | Found a one-way gateway to a ziggurat.
 68947 | Depths:2 | Found a portal to a secret trove of treasure.
 68980 | Depths:2 | You paid a toll of 8 scrolls of fog to enter a treasure
                  | trove
 68981 | Trove    | Entered a treasure trove
 68990 | Trove    | Identified the +1 broad axe of Vewen {distort, rF+ rN+
                  | Str+7 Dex-3}
 68995 | Trove    | Identified the ring of Dena {rF- Int+7 SInv}
 69014 | Trove    | Identified the +3 leather armour of a Billion Wishes {MP+9
                  | Dex+4}
 69256 | Depths:2 | Found an iron altar of Okawaru.
 69740 | Depths:2 | Identified the +0 leather armour of Mizet {Int+3}
 69832 | Depths:2 | Found Syn Coto's Antique Weapon Boutique.
 70192 | Depths:2 | Found Wara's General Store.
 70206 | Depths:2 | Found Ryim's Weapon Shop.
 70826 | Depths:3 | Noticed Parghit
 70850 | Depths:3 | Killed Parghit
 70859 | Depths:3 | Reached skill level 15 in Throwing
 71557 | Depths:3 | Received a gift from Trog
 71567 | Depths:3 | Noticed Sojobo
 71599 | Depths:3 | Killed Sojobo
 72456 | Depths:3 | Identified the +3 shortbow of Exoneration {heavy, rC+
                  | Dex+3}
 72978 | Depths:3 | Identified the +3 dagger "Xazuul" {pain, rN++ rCorr Int-4}
 73386 | Depths:4 | Entered Level 4 of the Depths
 73924 | Depths:4 | Reached XP level 25. HP: 236/249 MP: 22/22
 74374 | Depths:4 | Found a glowing golden altar of the Shining One.
 74439 | Depths:4 | Received a gift from Trog
 75616 | Depths:4 | Found a gate to the Realm of Zot.
 75892 | Zot:1    | Entered Level 1 of the Realm of Zot
 77271 | Zot:2    | Identified the +7 sling of Imminent Death {antimagic, rElec
                  | rPois}
 77527 | Zot:2    | Noticed a Killer Klown
 77534 | Zot:2    | Killed a Killer Klown
 77858 | Zot:2    | Identified the +1 leather armour of Liberalism {rCorr
                  | Str+4}
 78860 | Zot:3    | Received a gift from Trog
 80774 | Zot:3    | Received a gift from Trog
 80824 | Zot:3    | Noticed an orb of fire
 80837 | Zot:3    | Killed an orb of fire
 81334 | Zot:3    | Reached XP level 26. HP: 260/264 MP: 22/22
 82543 | Zot:4    | Reached skill level 27 in Fighting
 83558 | Zot:5    | Entered Level 5 of the Realm of Zot
 84251 | Zot:5    | Identified the +4 plate armour of Ashenzari's Generosity
                  | {+Inv}
 84717 | Zot:4    | Found a glowing golden altar of the Shining One.
 85449 | Zot:4    | Reached skill level 15 in Evocations
 86698 | Zot:5    | Noticed a dread lich
 86706 | Zot:5    | Noticed an orb of fire
 86708 | Zot:5    | Killed a dread lich
 86715 | Zot:5    | Lost mutation: Your body sometimes deteriorates upon taking
                  | damage. [an orb of fire]
 87071 | Zot:5    | Noticed an orb of fire
 87078 | Zot:5    | Gained mutation: You are frail. (-10% HP) [an orb of fire]
 87084 | Zot:5    | Gained mutation: Your spells are a little easier to cast,
                  | but a little less powerful. [an orb of fire]
 87089 | Zot:5    | Killed an orb of fire
 87264 | Zot:5    | Noticed a dread lich
 87269 | Zot:5    | Gained mutation: You have hidden genetic defects. [an orb
                  | of fire]
 87270 | Zot:5    | Gained mutation: You are dopey. (Int -2) [an orb of fire]
 87271 | Zot:5    | Killed a dread lich
 87275 | Zot:5    | Gained mutation: Your magical capacity is low. (-10% MP)
                  | [an orb of fire]
 87284 | Zot:5    | Killed an orb of fire
 87537 | Zot:5    | Received a gift from Trog
 88209 | Zot:5    | Noticed an orb of fire
 88220 | Zot:5    | Gained mutation: You do not regenerate when monsters are
                  | visible. [an orb of fire]
 88231 | Zot:5    | Gained mutation: Your system is resistant to poisons.
                  | (rPois) [an orb of fire]
 88233 | Zot:5    | Killed an orb of fire
 88234 | Zot:5    | Reached skill level 27 in Shields
 88271 | Zot:5    | Gained mutation: You are weak. (Str -2) [hidden defects]
 88285 | Zot:5    | Noticed an orb of fire
 88291 | Zot:5    | Killed an orb of fire
 88293 | Zot:5    | Noticed an orb of fire
 88298 | Zot:5    | Gained mutation: You are vulnerable to cold. (rC-) [an orb
                  | of fire]
 88305 | Zot:5    | Gained mutation: Your body sometimes deteriorates upon
                  | taking damage. [an orb of fire]
 88308 | Zot:5    | Gained mutation: You are very frail. (-20% HP) [an orb of
                  | fire]
 88310 | Zot:5    | Killed an orb of fire
 88737 | Zot:5    | Noticed an orb of fire
 88744 | Zot:5    | Killed an orb of fire
 88899 | Zot:5    | Got the Orb of Zot
 88918 | Zot:5    | Reached XP level 27. HP: 213/218 MP: 19/19
 88923 | Zot:5    | Noticed Eriazila the pandemonium lord
 88936 | Zot:5    | Killed Eriazila the pandemonium lord
 88937 | Zot:5    | Noticed a dread lich
 88962 | Zot:5    | Noticed a dread lich
 89067 | Zot:4    | HP: 10/201 [reaper/+5 vampiric scythe (9)]
 89077 | Zot:4    | Noticed Qohesoch the pandemonium lord
 89585 | D:8      | Gained mutation: You occasionally lose the ability to drink
                  | potions when taking damage. [hidden defects]
 89585 | D:8      | Lost mutation: You have hidden genetic defects. [hidden
                  | defects expressed]
 89631 | D:7      | Lost mutation: You do not regenerate when monsters are
                  | visible. [potion of mutation]
 89631 | D:7      | Lost mutation: You are vulnerable to cold. (rC-) [potion of
                  | mutation]
 89631 | D:7      | Lost mutation: Your body sometimes deteriorates upon taking
                  | damage. [potion of mutation]
 89786 | D:$      | Escaped with the Orb!

Illustrated notes

Levels and vault maps discovered:
D:1:      minmay_arrival_diagonal_passages, layout_basic
D:2:      layout_loops_ring, basic_altar, grunt_ministairs_8
D:3:      layout_basic, mainiacjoe_overflow_cross_hatched
D:4:      layout_loops_ring, zin_statuary, mainiacjoe_overflow_paths
D:5:      layout_loops_corners, mainiacjoe_overflow_chevrons,
          minmay_temple_entry_proselytizer, nicolae_grassy_gnolls,
          uniq_eustachio
D:6:      layout_loops_ring, hellmonk_ghost_happy_afterlife,
          portal_sewer_entry_c
D:7:      layout_basic, chequers_temple_overflow_minitemple, minmay_door_square,
          corexii_checkpoint_b, minivault_5
D:8:      lemuel_ratsnest, layout_cave_pools, nicolae_overflow_hidden_temple,
          gammafunk_ghost_necromancy
D:9:      cheibrodos_steamvent, layout_cave_pools,
          nicolae_concentric_dashed_squares_mild, mumra_transporter_accident
D:10:     layout_cave_pools, nicolae_qazlal_scattered_showers, uniq_nergalle
D:11:     layout_grid_maze, dpeg_lair_monsters, erik_orc_3
D:12:     layout_loops_ring, serial_shops, nicolae_shop_crystal,
          minmay_beelzebubs_servants
D:13:     minmay_tri_box, layout_stronghold, serial_glass, glass_columns_a,
          glass_columns_c, uniq_snorg
D:14:     kennysheep_water_balloons, layout_basic, david_vaults_3,
          nicolae_uskayaw_dance_hall, serial_rivers,
          chequers_serial_rivers_micro_e, chequers_serial_rivers_small_b,
          chequers_serial_rivers_micro_d, chequers_serial_rivers_room_a,
          trog_three_pillars_becter
D:15:     hangedman_depths_entry_try_elsewhere_first, layout_irregular_city,
          fountainhead, minmay_between
Lair:1:   layout_small_grid, serial_bayou_shore_a, infiniplex_staircase_pool_2
Lair:2:   layout_gridlike, lemuel_fruit_fields, serial_bayou_shore_b
Lair:3:   layout_gridlike, minmay_swamp_entry_worms,
          nicolae_spider_entry_tight_spaces, st_stairs_3,
          chequers_serial_rivers_large_a
Lair:4:   gammafunk_cloud_chamber, layout_gridlike, beast_lair_carwin_11,
          lemuel_fruit_fields
Lair:5:   guppyfry_lair_end_dragon, layout_misc_corridors,
          hangedman_lair_tendril_chambers, minmay_slime_entry_oklob_open,
          serial_bayou_shore_b
Swamp:1:  layout_basic_swamp, evilmike_swamp_ruin_house_6,
          nicolae_swamp_rocky_clearing, swamp_pool1, uniq_kirke
Swamp:2:  layout_falls_marsh, evilmike_swamp_ruin_rubble_1, swamp_pool5,
          hangedman_swamp_dais, infiniplex_staircase_pool
Swamp:3:  cheibrodos_swamp_mausoleum, layout_basic_swamp, serial_swamp_ruin,
          evilmike_swamp_ruin_house_1, evilmike_swamp_ruin_house_4, swamp_pool4,
          uniq_louise
Swamp:4:  swamp_basic_johnstein, layout_basic_swamp, swamp_pool4, uniq_roxanne
Spider:1: layout_spider_delve
Spider:2: layout_spider_delve, gammafunk_ghost_mausoleum,
          hellmonk_narrow_tunnel, uniq_aizul
Spider:3: layout_spider_delve, uniq_donald
Spider:4: guppyfry_spider_rune, portal_ice_cave_entry_ice_statue_two,
          hellmonk_motheaten_closet
Orc:1:    layout_diamond_mine
Orc:2:    st_orc_open, layout_caves, ebering_ghost_inner_flame, serial_shops,
          shop
Vaults:1: nicolae_vaults_three_branches, nicolae_vaults_theta,
          nicolae_vaults_house_2, nicolae_vaults_tetromino_L_2,
          nicolae_vaults_cochlea, nicolae_vaults_little_ls,
          nicolae_vaults_stepped_doors, layout_vaults_omnigrid, serial_shops,
          nicolae_shop_bloodbath_and_beyond
Vaults:2: v_rooms_5, nicolae_vaults_tetromino_Z_1,
          nicolae_vaults_frosty_reception, vaults_mumra_minichess,
          nicolae_vaults_apartment_2, layout_vaults_big_room, uniq_frederick,
          uniq_margery, uniq_bai_suzhen
Vaults:3: minmay_crypt_entry_simple_round, nicolae_vaults_trapezoid_3, v_misc_9,
          v_misc_8, hangedman_vaults_stream, nicolae_vaults_branching_niches,
          hangedman_vaults_trim, nicolae_vaults_tetromino_Z_1,
          nicolae_vaults_closet_pinwheel_1, nicolae_vaults_double_plus_1,
          nicolae_vaults_wrenched, nicolae_vaults_weapon_check,
          layout_vaults_omnicross, uniq_mennas
Vaults:4: hangedman_vaults_stretched_pinwheel, vaults_standard_mumra_lines,
          hangedman_vaults_cutoff, nicolae_vaults_meiosis,
          nicolae_vaults_border_crossing, nicolae_vaults_surprise_closet,
          hangedman_vaults_stagger, nicolae_vaults_ring_of_whatevers,
          vaults_dpeg_encased_lava, layout_vaults_ring
Vaults:5: uniq_saint_roka
Depths:1: layout_gridlike, minmay_room_of_horrors, nicolae_wu_jian_wuxing_cycle,
          rand_demon_pan_entry_3, pf_hell_entry_great_geh,
          serial_sigils_hangedman_scratch, fedhas_altar_1, grunt_megastairs_5
Depths:2: evilmike_iron_armoury, layout_cave_shapes, enter_ziggurat_a,
          enter_trove_2, serial_shops, nicolae_shop_tiny_glass, shop,
          nicolae_shop_peninsula, grunt_pan_entry_zigzag, hell_entry,
          mu_enter_wizlab_2, serial_bayou_shore_b,
          minmay_misc_feat_secret_circle, minmay_staircase_bubble,
          serial_bayou_shore_b, serial_bayou_shore_b
Depths:3: hangedman_crystal_crosses_colossus [crystal_crosses_arms_four,
          crystal_crosses_arms_four, crystal_crosses_arms_two,
          crystal_crosses_arms_one], serial_shops, hell_entry, abyss_entry,
          uniq_parghit, uniq_sojobo
Depths:4: grunt_zot_entry_alcove, layout_small_grid, serial_sigils,
          serial_sigils_hangedman_shear, serial_sigils_hangedman_snap,
          serial_sigils_hangedman_quiver, serial_sigils_hangedman_carve,
          serial_sigils_hangedman_writhe, serial_sigils_hangedman_gnaw,
          abyss_entry, rand_demon_pan_entry_1, hell_entry, nicolae_water_bricks,
          tso_oasis_becter
Zot:1:    layout_gridville
Zot:2:    layout_gridlike, st_stairs_5, grunt_megastairs_3
Zot:3:    lemuel_acid_trip, layout_onion_interference
Zot:4:    nicolae_zot_draconian_monastery, layout_onion
Zot:5:    layout_concentric_octagons, lemuel_baited_zot_trap,
          hangedman_zot_decor_scrapings, lemuel_flame_loot_1

Skill      XL: |  1  2  3  4  5  6  7  8  9 10 11 12 13 14 15 16 17 18 19 20 21 22 23 24 25 26 |
---------------+-------------------------------------------------------------------------------+-----
Fighting       | 4 5 6 7 8 9 11 12 13 14 16 17 18 19 20 21 22 23 24 25 26 27 | 27.0
Axes           | 4 5 6 7 8 9 11 12 13 14 16 17 18 | 18.5
Shields        | 1 2 3 4 6 7 9 10 11 13 14 15 16 17 18 19 20 21 23 24 25 27 | 27.0
Armour         | 3 4 5 6 7 8 9 10 11 12 13 14 15 16 17 18 19 20 | 20.6
Throwing       | 1 2 3 4 5 6 7 8 9 10 11 12 13 14 15 16 17 | 17.5
Evocations     | 1 2 3 4 5 6 7 8 9 10 11 12 13 14 15 | 15.8
Dodging        | 3 4 5 6 7 8 9 10 11 12 13 14 15 16 17 18 | 18.8

Action                     |  1- 3 |  4- 6 |  7- 9 | 10-12 | 13-15 | 16-18 | 19-21 | 22-24 | 25-27 || total
---------------------------+-------+-------+-------+-------+-------+-------+-------+-------+-------++-------
  Melee: Hand axe          |    68 |   124 |   207 |       |       |       |       |       |       ||   399
         Headbutt          |    11 |    14 |    51 |    74 |   176 |   240 |   176 |   377 |   277 ||  1396
         War axe           |       |    12 |       |       |       |       |       |       |       ||    12
         Punch             |       |       |     5 |       |       |       |       |       |       ||     5
         Battleaxe         |       |       |   111 |   209 |       |       |       |       |       ||   320
         Broad axe         |       |       |       |   126 |   815 |   903 |   571 |  1128 |   816 ||  4359
         Morningstar       |       |       |       |       |    13 |       |       |       |       ||    13
  Throw: Boomerang         |       |       |       |       |    11 |    46 |       |    92 |    39 ||   188
 Invoke: Berserk           |       |     2 |     4 |     9 |     9 |     8 |     7 |     3 |    10 ||    52
         Trog's Hand       |       |     1 |     1 |     3 |    11 |     7 |     7 |    18 |     7 ||    55
  Evoke: Wand              |       |       |       |       |     1 |       |       |       |       ||     1
    Use: Scroll            |       |       |     9 |     5 |    20 |     7 |     3 |    16 |    11 ||    71
         Potion            |       |       |     4 |       |     3 |     2 |     1 |     4 |    10 ||    24
   Stab: Distracted        |       |       |       |       |       |       |     9 |    24 |    18 ||    51
         Petrified         |       |       |       |       |       |       |       |     1 |       ||     1
 Armour: Animal skin       |     2 |       |       |       |       |       |       |       |       ||     2
         Ring mail         |    20 |       |       |       |       |       |       |       |       ||    20
         Plate armour      |       |    95 |   239 |   326 |   174 |       |       |       |       ||   834
         Skin              |       |       |    12 |       |       |       |       |       |       ||    12
         Crystal plate arm |       |       |       |       |   373 |   543 |       |       |       ||   916
         Gold dragon scale |       |       |       |       |       |   225 |   378 |   426 |   363 ||  1392
  Dodge: Dodged            |    41 |    57 |   139 |   231 |   343 |   387 |   231 |   234 |   245 ||  1908
  Block: Buckler           |       |       |       |    74 |   554 |   884 |    36 |       |       ||  1548
         Reflection        |       |       |       |       |    24 |     1 |    53 |    34 |    24 ||   136
         Tower shield      |       |       |       |       |       |       |   649 |   528 |       ||  1177
         Kite shield       |       |       |       |       |       |       |       |   332 |   708 ||  1040

Table legend: (Time is in decaauts)
 A = Elapsed time spent in this place.
 B = Non-inter-level travel time spent in this place.
 C = Inter-level travel time spent in this place.
 D = Time resting spent in this place.
 E = Time spent auto-exploring this place.
 F = Levels seen in this place.
 G = Mean time per level.
                   A        B        C        D        E       F      G
               +--------+--------+--------+--------+--------+-----+--------+
         Total |  89578 |  86586 |   2992 |  44162 |  21634 |  50 | 1791.6 |
       Dungeon |  21566 |  20770 |    796 |   8690 |   8349 |  15 | 1437.7 |
          Lair |   9219 |   8756 |    463 |   4073 |   2963 |   5 | 1843.8 |
         Swamp |   5813 |   5694 |    119 |   2890 |   1545 |   4 | 1453.2 |
   Spider Nest |  11019 |  10578 |    441 |   6881 |   1587 |   4 | 2754.8 |
  Orcish Mines |   1920 |   1798 |    122 |    613 |    641 |   2 |  960.0 |
        Vaults |  14115 |  13824 |    291 |   7033 |   3560 |   5 | 2823.0 |
        Depths |   9657 |   9274 |    383 |   4990 |   1922 |   4 | 2414.2 |
           Zot |  12833 |  12458 |    375 |   7321 |    890 |   5 | 2566.6 |
         Abyss |    572 |    572 |      0 |     55 |      0 |   2 |  286.0 |
         Trove |     52 |     52 |      0 |      0 |      0 |   1 |   52.0 |
         Sewer |    146 |    146 |      0 |     34 |     37 |   1 |  146.0 |
      Ice Cave |   1019 |   1019 |      0 |    590 |     92 |   1 | 1019.0 |
        Wizlab |   1640 |   1640 |      0 |    988 |     47 |   1 | 1640.0 |
               +--------+--------+--------+--------+--------+-----+--------+

Top non-repeatable levels by time:
Vaults:5: 4640 daAuts
   Zot:5: 3800 daAuts
Spider:2: 3544 daAuts
 Swamp:3: 3139 daAuts
   Zot:2: 3105 daAuts
Spider:3: 3014 daAuts
Vaults:2: 2879 daAuts
Spider:4: 2835 daAuts
Vaults:4: 2785 daAuts
  Lair:3: 2767 daAuts
Depths:2: 2652 daAuts
   Zot:4: 2637 daAuts
    D:14: 2595 daAuts
  Lair:5: 2520 daAuts
   Zot:3: 2480 daAuts
